Map: Persephone LE

Players

SubN - Winner!

  • Race: Zerg Zerg
  • League: Diamond
  • Spawn Location: 7:00

CptBeeSyrup

  • Race: Protoss Protoss
  • League: Diamond
  • Spawn Location: 11:00

VOD

Have the link to the VOD?

Description

Time

  • Played on: July 22, 2025, 2:25 p.m.
  • Length: 18:49
Show
View Real Time Build Order
Export as new Build Order

SubN Zerg - Winner!

Build Orders: Pool First 

Get SALT Encoding   

  12  0:00  Drone  
  13  0:12  Overlord  
  13  0:17  Drone  
  14  0:30  Drone x2  
  16  0:41  Spawning Pool  
  15  0:45  Drone  
  15  0:48  Drone  
  17  0:51  Extractor  
  17  0:55  Drone  
  17  1:17  Hatchery  
  16  1:28  Zergling x6  
  19  1:40  Queen  
  21  1:48  Overlord  
  21  2:05  Overlord  
  21  2:12  Roach Warren  
  21  2:13  Drone  
  21  2:15  Drone  
  22  2:27  Queen  
  24  2:34  Drone  
  24  2:35  Drone  
  26  2:49  Drone  
  27  2:59  Roach x4  
  33  3:13  Roach x2  
  33  3:14  Roach  
  38  3:40  Drone x6  
  44  4:12  Overlord x3  
  44  4:16  Lair  
  44  4:20  Extractor  
  43  4:29  Drone  
  43  4:30  Queen  
  42  4:50  Drone x9  
  51  5:00  Baneling Nest  
  51  5:01  Drone  
  51  5:04  Hatchery  
  46  5:10  Roach  
  48  5:19  Roach  
  48  5:20  Spine Crawler, Roach  
  48  5:21  Roach x2  
  49  5:27  Zergling x4  
  53  5:35  Ravager x2  
  55  5:41  Zergling x10  
  58  5:53  Zergling x4  
  58  5:56  Metabolic Boost  
  59  5:57  Glial Reconstitution  
  51  6:20  Zergling x18  
  58  6:33  Drone x3  
  58  6:35  Queen  
  58  6:36  Extractor, Queen  
  58  6:38  Centrifugal Hooks, Extractor  
  59  6:44  Baneling  
  57  6:47  Drone x2  
  57  6:48  Drone  
  57  6:50  Queen  
  57  6:51  Overlord x2  
  57  6:52  Overlord x2  
  62  6:59  Roach  
  62  7:03  Baneling  
  62  7:11  Zergling x12  
  62  7:12  Zergling x4, Queen  
  72  7:26  Queen  
  72  7:27  Zergling x2  
  72  7:28  Zergling x12  
  81  7:31  Baneling x2  
  74  7:51  Roach x9  
  82  7:58  Baneling x5  
  88  8:03  Queen  
  71  8:27  Drone x2  
  71  8:28  Drone  
  71  8:29  Drone  
  75  8:45  Spire  
  74  8:49  Ravager x2  
  74  8:50  Ravager  
  74  8:53  Drone x12  
  85  9:16  Drone x2  
  85  9:17  Drone x3  
  89  9:20  Extractor  
  89  9:21  Extractor  
  88  9:28  Evolution Chamber x2  
  88  9:30  Drone  
  87  9:32  Drone x2  
  87  9:35  Drone  
  87  9:36  Overlord  
  87  9:37  Overlord x4  
  90  9:39  Overseer  
  90  9:40  Overseer  
  90  9:51  Overlord  
  90  9:53  Overlord  
  90  9:54  Overlord  
  90  9:58  Zerg Melee Weapons Level 1, Zerg Missile Weapons Level 1  
  90  10:02  Mutalisk  
  90  10:03  Mutalisk x4  
  90  10:05  Overseer  
  100  10:09  Mutalisk  
  102  10:16  Drone x2  
  102  10:21  Hatchery  
  103  10:28  Mutalisk x3  
  103  10:34  Zergling x18  
  103  10:35  Zergling x6  
  121  10:37  Ravager x2  
  123  10:44  Zergling x4  
  125  11:07  Mutalisk x2  
  125  11:08  Mutalisk x3  
  105  11:35  Queen  
  105  11:36  Corruptor x4  
  105  11:39  Zergling x16  
  123  11:40  Zergling x4  
  123  11:53  Zergling x2  
  123  11:54  Zergling x12, Infestation Pit  
  129  12:02  Roach x3  
  129  12:05  Ravager x3  
  138  12:11  Zergling x4  
  138  12:12  Zergling x2  
  140  12:22  Roach  
  142  12:24  Overlord x4  
  142  12:27  Zerg Melee Weapons Level 2  
  142  12:28  Zerg Missile Weapons Level 2  
  110  13:04  Zergling x2  
  110  13:05  Zergling x20  
  116  13:15  Drone  
  116  13:16  Drone x2  
  119  13:20  Hive  
  119  13:24  Hatchery  
  118  13:27  Overlord x3  
  109  13:45  Hatchery  
  109  13:46  Extractor  
  109  13:47  Extractor  
  98  13:53  Zergling x2  
  98  13:54  Zergling x28  
  104  14:08  Roach x3  
  104  14:09  Roach  
  106  14:12  Baneling x5  
  106  14:13  Baneling x3  
  106  14:22  Zergling x12  
  112  14:38  Infestor x4  
  112  14:43  Corruptor, Infestor  
  112  14:45  Corruptor x3  
  124  14:46  Corruptor  
  132  14:54  Roach x5  
  142  15:00  Zerg Ground Armor Level 1  
  142  15:01  Adrenal Glands  
  142  15:03  Zerg Melee Weapons Level 3  
  142  15:10  Drone x4  
  142  15:12  Queen  
  142  15:13  Drone x2  
  142  15:14  Drone x4  
  154  15:24  Ultralisk Cavern  
  153  15:28  Zerg Flyer Weapons Level 1  
  153  15:37  Zergling x2  
  153  15:38  Zergling x14  
  161  15:57  Drone x5  
  161  15:58  Drone  
  167  16:04  Extractor  
  167  16:05  Hatchery  
  165  16:21  Baneling x6  
  165  16:24  Ultralisk x3  
  183  16:26  Overlord x3  
  140  16:53  Ultralisk x3  
  143  16:56  Zergling x14  
  148  17:02  Chitinous Plating  
  148  17:16  Drone x2  
  148  17:17  Drone x2  
  148  17:21  Queen  
  154  17:25  Hatchery  
  154  17:29  Zergling x4  
  156  17:30  Zergling x8  
  156  17:34  Overlord  
  159  17:37  Overlord  
  158  17:48  Drone  
  158  17:49  Drone x2  
  161  17:53  Ultralisk x2  
  173  18:04  Zergling x2  
  173  18:05  Zergling x24  
  181  18:27  Zergling x14  
Show
View Real Time Build Order
Export as new Build Order

CptBeeSyrup Protoss 

Build Orders:  

Get SALT Encoding   

  12  0:00  Probe  
  13  0:12  Probe  
  14  0:17  Pylon  
  14  0:24  Probe  
  15  0:34  Probe  
  15  0:39  Gateway  
  15  0:42  Probe  
  16  0:49  Assimilator  
  17  0:50  Probe  
  18  1:03  Probe  
  19  1:09  Pylon  
  19  1:15  Probe  
  20  1:19  Gateway  
  20  1:27  Cybernetics Core  
  20  1:30  Probe  
  21  1:36  Zealot  
  23  1:43  Probe, Assimilator  
  24  1:56  Probe  
  25  2:01  Pylon  
  25  2:07  Adept x2  
  29  2:18  Shield Battery  
  29  2:23  Twilight Council  
  29  2:26  Probe  
  30  2:44  Warp Gate  
  30  2:48  Adept x2  
  34  3:18  Nexus  
  34  3:19  Pylon  
  34  3:27  Stalker  
  34  3:32  Stargate  
  32  3:43  Gateway  
  32  3:44  Gateway  
  32  3:53  Stalker  
  34  4:05  Shield Battery  
  36  4:15  Void Ray  
  38  4:24  Probe  
  39  4:33  Probe  
  39  4:36  Probe  
  41  4:42  Stalker  
  41  4:43  Stalker  
  43  4:48  Probe x2  
  45  5:00  Shield Battery  
  45  5:21  Probe x2  
  50  5:24  Void Ray  
  50  5:25  Assimilator  
  50  5:27  Assimilator, Blink  
  51  5:33  Pylon, Probe x2  
  51  6:03  Stalker x4  
  49  6:30  Stalker x2  
  53  6:46  Stalker x2  
  57  7:07  Probe  
  62  7:08  Void Ray  
  62  7:12  Pylon  
  62  7:15  Pylon  
  62  7:17  Pylon  
  62  7:28  Pylon  
  62  7:30  Probe x2  
  64  7:39  Nexus  
  64  7:43  Probe x2  
  50  7:53  Stalker x3  
  50  7:54  Stalker  
  50  7:55  Probe x2  
  60  8:01  Pylon  
  60  8:07  Probe x2  
  62  8:19  Stalker x4  
  66  8:24  Void Ray  
  68  8:36  Pylon  
  68  8:45  Templar Archives  
  68  9:02  Psionic Storm  
  68  9:15  Stalker  
  68  9:16  Stalker x2  
  74  9:17  Probe x3  
  74  9:21  Assimilator  
  77  9:25  Assimilator  
  77  9:29  Probe x2  
  83  9:31  Void Ray  
  83  9:37  High Templar  
  85  9:39  High Templar  
  85  9:45  Gateway  
  87  9:46  Gateway  
  87  9:50  Pylon  
  87  9:52  Stalker  
  87  9:54  Stalker  
  91  10:09  Robotics Facility  
  91  10:13  Robotics Facility  
  91  10:21  High Templar  
  93  10:24  High Templar  
  93  10:28  Probe x3  
  97  10:33  Pylon  
  97  10:34  Gateway  
  98  10:38  Archon  
  98  10:39  Gateway  
  98  10:40  Probe x3  
  101  10:46  Stalker x3  
  104  10:57  Stalker  
  104  10:58  Stalker x2  
  110  11:10  Pylon  
  110  11:12  Pylon  
  110  11:14  Zealot  
  110  11:15  Zealot  
  108  11:37  Phoenix  
  108  11:43  Gateway  
  110  11:49  Observer  
  110  11:51  Immortal  
  115  11:57  High Templar x2  
  115  12:00  Phoenix  
  121  12:16  Probe x3  
  124  12:25  Phoenix  
  124  12:28  Probe x2  
  124  12:29  Probe  
  129  12:32  Nexus  
  129  12:34  Pylon  
  129  12:37  Pylon  
  129  12:38  Stalker  
  129  12:39  Stalker x2  
  69  12:56  Stalker x3  
  69  12:57  Stalker  
  59  13:05  Probe x3  
  57  13:15  Stalker  
  57  13:16  Stalker x3  
  57  13:17  Probe  
  66  13:23  High Templar  
  66  13:26  Stalker  
  66  13:56  Stalker x5  
  76  14:23  Probe x3, Nexus  
  79  14:24  Pylon  
  79  14:26  Pylon  
  79  14:35  Probe x2  
  81  15:04  Void Ray  
  81  15:08  Forge  
  81  15:10  Stalker  
  81  15:11  Stalker x4  
  81  15:12  Forge  
  95  15:16  Probe  
  95  15:17  Probe x2  
  95  15:20  Pylon  
  98  15:21  Protoss Air Weapons Level 1  
  98  15:28  Probe  
  98  15:29  Probe  
  104  15:35  Immortal  
  104  15:37  Immortal  
  108  15:48  Probe x3, Photon Cannon  
  111  16:05  High Templar x2  
  111  16:07  Stalker x2  
  111  16:09  Probe  
  111  16:10  Probe x3  
  123  16:13  Assimilator  
  123  16:15  Assimilator  
  123  16:21  Probe  
  123  16:22  Probe, High Templar  
  127  16:27  Archon  
  127  16:30  Probe x2  
  129  16:39  Stalker  
  107  16:40  Stalker x3  
  107  16:41  Stalker  
  81  16:51  Stalker x2  
  83  17:00  Probe x4  
  87  17:08  Probe  
  87  17:12  Probe x3  
  91  17:16  Probe  
  92  17:24  Probe x2  
  92  17:25  Probe, Nexus  
  92  17:26  Pylon  
  92  17:28  Pylon  
  95  17:35  High Templar x2  
  95  17:36  Stalker  
  101  17:44  Immortal  
  101  17:45  Immortal  
  109  17:58  Photon Cannon  
  109  17:59  Photon Cannon  
  109  18:02  Stalker x2, Photon Cannon  
  109  18:04  Gateway  
  109  18:05  High Templar x2  
  115  18:08  Gateway  
  115  18:10  Zealot  
  115  18:11  Zealot x4  
  122  18:32  Zealot x2  
Tags
 
Matchup
PvZ
Opening
Pool First
Replay Pack
Multiplayer
Spawn Locations
Close Positions
Add a new tag
Caveats
  • Supply blocks, unpowered buildings, or Contaminate may cause inaccurate times.
  • Supply counts are checked every 10 seconds.